 Dungeon Crawl Stone Soup version 0.29-a0-323-g050149af67 (webtiles) character file.

Game seed: 4416863482731596679

810 siradein the Magician (level 8, -12/54 HPs)
             Began as a Djinni Ice Elementalist on Apr 11, 2022.
             Was an Initiate of Makhleb.
             Killed from afar by Dowan (19 damage)
             ... with a shard of ice
             ... on level 5 of the Dungeon.
             The game lasted 00:20:44 (5336 turns).

siradein the Magician (Djinni Ice Elementalist)     Turns: 5336, Time: 00:20:45

Health: -12/54     AC:  5    Str:  7    XL:     8   Next: 15%
Gold:   190        EV: 20    Int: 18    God:    Makhleb [......] SH:  4 Dex: 15

rFire   + + .      SeeInvis .   f - +0 long sword
rCold   x . .      Faith    .   v - +0 buckler
rNeg    . . .      Spirit   .   z - +0 leather armour
rPois   ∞          Reflect  .   (no helmet)
rElec   .          Harm     .   x - +0 cloak
rCorr   .          Rampage  .   g - +0 pair of gloves
Will    .....                   (boots unavailable)
Stlth   ++........              (no amulet)
HPRegen 0.18/turn               h - +4 ring of evasion
MPRegen 0.00/turn               q - +4 ring of evasion

@: flying
A: sickness immunity, fire resistance 2, cold vulnerability 1, float, innate
caster, HP casting, extra vitality 1
a: Renounce Religion


You were on level 5 of the Dungeon.
You worshipped Makhleb.
Makhleb was noncommittal.
You visited 2 branches of the dungeon, and saw 6 of its levels.

You collected 190 gold pieces.

Inventory:

Hand Weapons
 f - a +0 long sword (weapon)
 w - a +2 vorpal hunting sling
Armour
 g - a +0 pair of gloves (worn)
 v - a +0 buckler (worn)
 x - a +0 cloak (worn)
 z - a +0 leather armour (worn)
Jewellery
 c - a +6 ring of strength
 d - a ring of willpower
 h - a +4 ring of evasion (left hand)
 q - a +4 ring of evasion (right hand)
 A - a ring of positive energy
Wands
 a - a wand of iceblast (8)
 t - a wand of charming (2)
Scrolls
 e - 2 scrolls of teleportation
 n - 2 scrolls of enchant armour {unknown}
 r - a scroll of amnesia {unknown}
 s - 2 scrolls of blinking {unknown}
 u - a scroll of fear {unknown}
 y - 2 scrolls of identify
Potions
 b - 2 potions of haste
 i - 2 potions of might
 j - 2 potions of heal wounds
 k - a potion of berserk rage
 l - 2 potions of degeneration {unknown}
 m - a potion of magic {unknown}
 o - 3 potions of curing {unknown}
 p - a potion of attraction {unknown}


   Skills:
 + Level 1.8 Fighting
 + Level 1.7 Armour
 + Level 3.1 Dodging
 - Level 1.5 Stealth
 + Level 1.8 Shields
 + Level 6.4 Spellcasting
 + Level 1.7 Invocations


You had 2 spell levels left.
You knew the following spells:

 Your Spells              Type           Power      Damage    Failure   Level
a - Searing Ray           Conj           56%        2d6       2%          2
b - Frozen Ramparts       Ice            56%        1d7       4%          3
c - Ozocubu's Armour      Ice            28%        N/A       4%          3
d - Hailstorm             Conj/Ice       28%        3d8       16%         4
e - Apportation           Tloc           56%        N/A       1%          1
f - Freeze                Ice            100%       1d11      1%          1
g - Conjure Flame         Conj/Fire      28%        6-21      4%          3
Your spell library was empty.

Dungeon Overview and Level Annotations

Branches:
Dungeon (5/15)             Temple (1/1) D:4

Altars:
Ashenzari
Cheibriados
Dithmenos
Elyvilon
Fedhas
Gozag
Hepliaklqana
Kikubaaqudgha
Makhleb
Nemelex Xobeh
Okawaru
Qazlal
Ru
Sif Muna
Trog
Uskayaw
Vehumet
Wu Jian
Xom
Yredelemnul
Zin
The Shining One

Annotations:
D:5 Dowan


Innate Abilities, Weirdness & Mutations

You are immune to sickness and miasma.
You are immune to poison.
Your flesh is very heat resistant. (rF++)
You are vulnerable to cold. (rC-)
You float through the air rather than walking.
You learn spells naturally, not from books.
Your magical power is your life essence.
You have superior vitality. (+4 MHP)


Message History

You freeze Duvessa.
Duvessa is heavily wounded.
The wall freezes Duvessa.
Duvessa hits you with a +0 short sword.
You freeze Duvessa.
Duvessa is severely wounded.
The wall freezes Duvessa.
Duvessa hits you with a +0 short sword.
You freeze Duvessa.
Duvessa is severely wounded.
The wall freezes Duvessa.
You freeze Duvessa!
You kill Duvessa!
Makhleb accepts your kill.
Dowan screams, "No!
No!"
Dowan seems to find hidden reserves of power!
The wall freezes Dowan. x2; Dowan misses you.
Your Dodging skill increases to level 3!
You freeze Dowan!
Dowan is heavily wounded.
The wall freezes Dowan.
Dowan hits you but does no damage.
Unknown command.
You freeze Dowan.
Dowan is almost dead.
The wall freezes Dowan.
Dowan casts a spell at you. The shard of ice misses you.
The wall freezes Dowan.
Dowan gestures at you while chanting. The stone arrow hits you!!
* * * LOW HITPOINT WARNING * * *
Casting: Freeze (safe; 1% risk of failure)
Confirm with . or Enter, or press ? or * to list all spells.
Aiming: Searing Ray (safe; 2% risk of failure)
Press: ? - help, Shift-Dir - straight line, f/p - Dowan
Aim: Dowan, wielding a +0 dagger and wearing a +0 robe (almost dead, fast, 71% to hit)
The searing ray misses Dowan. (Press . to maintain the ray.)
* * * LOW HITPOINT WARNING * * *
The frozen ramparts melt away.
Dowan gestures at you while chanting. The shard of ice hits you!!
You feel a painful chill!
You die...

##..#........##.#.... #.#
##..#........##.#.... #.#
....#..............### #.#
#...#................ #.#
....#..............# ########.##
....#.....>........####.........#
....#..............#............#
..).)..............#............#
................@).............##
............#####e..############
....................#
....######.......########## ...)#
#.......##.......#
....######.......##.......#######
.................................
...#.......e.....##.......#######
...#.............##.......#######


You could see Dowan (fast).

Vanquished Creatures
  Sigmund (D:5)
  Duvessa (D:5)
  A water moccasin (D:5)
  A sky beast (D:5)
  2 scorpions (D:4)
  A jelly (D:4)
  An orc priest (D:5)
  3 orc wizards
  2 adders
  2 worms
  15 orcs
  A bat skeleton (D:2)
  9 endoplasms
  2 giant cockroaches (D:1)
  5 goblins
  5 hobgoblins
  3 jackals (D:5)
  3 kobolds
  6 quokkas
  5 ball pythons
  A ball python skeleton (D:2)
  2 ball python zombies (D:2)
  2 bats
  A frilled lizard (D:1)
  A giant cockroach zombie (D:2)
  A jackal skeleton (D:2)
  6 rats
83 creatures vanquished.

Vanquished Creatures (others)
  A black bear (D:4)
  A withered plant (D:2)
2 creatures vanquished.

Grand Total: 85 creatures vanquished

Notes
Turn   | Place    | Note
-------+----------+-------------------------------------------
     0 | D:1      | siradein the Djinni Ice Elementalist began the quest for
                  | the Orb.
     0 | D:1      | Reached XP level 1. HP: 15/15 MP: 0/0
   197 | D:1      | Reached XP level 2. HP: 6/21 MP: 0/0
   407 | D:1      | Found a faded altar of an unknown god.
   665 | D:1      | Reached XP level 3. HP: 21/25 MP: 0/0
   665 | D:1      | Learned a level 1 spell: Apportation
  1043 | D:2      | Reached skill level 4 in Spellcasting
  2038 | D:3      | Found a glowing golden altar of the Shining One.
  2043 | D:3      | Reached XP level 4. HP: 26/31 MP: 0/0
  2798 | D:4      | Reached XP level 5. HP: 30/35 MP: 0/0
  2798 | D:4      | Learned a level 2 spell: Searing Ray
  2969 | D:4      | Killed a black bear
  3142 | D:4      | Reached skill level 5 in Spellcasting
  3320 | D:4      | Reached XP level 6. HP: 35/40 MP: 0/0
  4132 | D:4      | Found a staircase to the Ecumenical Temple.
  4141 | Temple   | Entered the Ecumenical Temple
  4186 | Temple   | Became a worshipper of Makhleb the Destroyer
  4657 | D:5      | Entered Level 5 of the Dungeon
  4663 | D:5      | Noticed a water moccasin
  4669 | D:5      | Killed a water moccasin
  4670 | D:5      | Reached skill level 6 in Spellcasting
  4670 | D:5      | Reached XP level 7. HP: 40/45 MP: 0/0
  4670 | D:5      | Learned a level 3 spell: Conjure Flame
  4879 | D:5      | Noticed Sigmund
  4898 | D:5      | Killed Sigmund
  4899 | D:5      | Reached skill level 1 in Fighting
  4899 | D:5      | Reached skill level 1 in Armour
  4899 | D:5      | Reached skill level 1 in Shields
  4899 | D:5      | Reached skill level 1 in Invocations
  5078 | D:5      | Reached XP level 8. HP: 21/52 MP: 0/0
  5299 | D:5      | Noticed Duvessa
  5326 | D:5      | Noticed Dowan
  5333 | D:5      | Killed Duvessa
  5336 | D:5      | Killed from afar by Dowan

Illustrated notes

Levels and vault maps discovered:
D:1:      lemuel_arrival_lava_pool, layout_basic,
          ebering_ecumenical_altar_abandoned, chequers_serial_rivers_micro_e
D:2:      layout_loops_ring, serial_undead, serial_undead_f, serial_undead_e,
          serial_undead_e, serial_undead_d, minmay_misc_feat_doors
D:3:      layout_basic, tso_altar
D:4:      nicolae_cairo_tiling, layout_basic, lemuel_temple_firewalk_a,
          minivault_11
D:5:      layout_basic, pf_guarded_unrand_woodcutter, uniq_duvessa,
          uniq_blork_the_orc, uniq_sigmund, uniq_pikel
Temple:   mainiacjoe_temple_circle_huts

Skill      XL: |  1  2  3  4  5  6  7  8 |
---------------+-------------------------+-----
Spellcasting   | 4 5 6 |  6.4
Fighting       | 1 |  1.8
Armour         | 1 |  1.7
Shields        | 1 |  1.8
Invocations    | 1 |  1.7
Dodging        | 3 |  3.1
Stealth        | |  1.5

Action                   |  1- 3 |  4- 6 |  7- 9 || total
-------------------------+-------+-------+-------++-------
Melee: Unarmed           |     2 |       |       ||     2
       Long sword        |    16 |     1 |     2 ||    19
 Fire: Hunting sling     |       |     1 |       ||     1
 Cast: Freeze            |    45 |    24 |    18 ||    87
       Frozen Ramparts   |       |     7 |     5 ||    12
       Searing Ray       |       |    12 |     5 ||    17
  Use: Scroll            |     4 |     1 |       ||     5
 Stab: Sleeping          |     3 |       |       ||     3
Armor: Robe              |     8 |     2 |       ||    10
       Leather armour    |       |     1 |     1 ||     2
Dodge: Dodged            |    24 |     9 |     9 ||    42
Block: Buckler           |       |       |     2 ||     2

Table legend: (Time is in decaauts)
 A = Elapsed time spent in this place.
 B = Non-inter-level travel time spent in this place.
 C = Inter-level travel time spent in this place.
 D = Time resting spent in this place.
 E = Time spent auto-exploring this place.
 F = Levels seen in this place.
 G = Mean time per level.
                   A        B        C        D        E       F      G
               +--------+--------+--------+--------+--------+-----+--------+
         Total |   5339 |   5305 |     34 |      8 |   4602 |   6 |  889.8 |
       Dungeon |   5000 |   4966 |     34 |      8 |   4321 |   5 | 1000.0 |
        Temple |    338 |    338 |      0 |      0 |    281 |   1 |  338.0 |
               +--------+--------+--------+--------+--------+-----+--------+

Top non-repeatable levels by time:
     D:4: 1656 daAuts
     D:1: 1035 daAuts
     D:3: 881 daAuts
     D:2: 746 daAuts
     D:5: 679 daAuts
  Temple: 338 daAuts
